 Dungeon Crawl Stone Soup version 0.27-a0-75-g9f9dfd16e9 (webtiles) character file.

Game seed: 4280403940160440105

409 lunkers the Chopper (level 6, -1/50 HPs)
             Began as a Demigod Fighter on Jan 12, 2021.
             Slain by an ogre
             ... wielding a +0 giant spiked club
              (19 damage)
             ... on level 4 of the Dungeon.
             The game lasted 00:02:28 (2865 turns).

lunkers the Chopper (Demigod Fighter)               Turns: 2865, Time: 00:02:29

Health: -1/50      AC: 12    Str: 23    XL:     6   Next: 31%
Magic:  8/8        EV:  7    Int: 12    God:
Gold:   182        SH:  9    Dex: 15    Spells: 5/5 levels left

rFire    . . .     SeeInvis .   a - +0 war axe
rCold    . . .     Faith    .   c - +0 kite shield
rNeg     . . .     Spirit   .   b - +0 scale mail
rPois    .         Reflect  .   p - +0 helmet
rElec    .         Harm     .   j - +0 cloak
rCorr    .         Rampage  .   (no gloves)
Will     .....                  m - +2 pair of boots
Stlth    ..........             (no amulet)
HPRegen  0.16/turn              (no ring)
MPRegen  0.11/turn              (no ring)

@: no status effects
A: high mp 1
a: no special abilities


You were on level 4 of the Dungeon.
You visited 1 branch of the dungeon, and saw 4 of its levels.

You collected 182 gold pieces.

Inventory:

Hand Weapons
 a - a +0 war axe (weapon)
Armour
 b - a +0 scale mail (worn)
 c - a +0 kite shield (worn)
 j - a +0 cloak (worn)
 m - a +2 pair of boots (worn)
 p - a +0 helmet (worn)
Scrolls
 e - 2 scrolls of fog {unknown}
 f - 7 scrolls of identify {unknown}
 h - a scroll of remove curse {unknown}
 i - 3 scrolls of teleportation {unknown}
 l - a scroll of amnesia {unknown}
 n - a scroll of enchant armour {unknown}
Potions
 d - a potion of flight {unknown}
 g - a potion of curing {unknown}
 k - a potion of ambrosia {unknown}
 o - a potion of heal wounds {unknown}


   Skills:
 - Level 2.6 Fighting
 * Level 6.5 Axes
 - Level 2.6 Armour
 - Level 2.6 Shields


You had 5 spell levels left.
You didn't know any spells.
Your spell library contained the following spells:

 Spells                   Type           Power        Failure   Level
 Animate Skeleton         Necr           0%           99%         1
 Apportation              Tloc           0%           99%         1
 Corona                   Hex            0%           99%         1
 Summon Small Mammal      Summ           0%           99%         1


Dungeon Overview and Level Annotations

Branches:
Dungeon (4/15)
 Temple: D:4-7


Innate Abilities, Weirdness & Mutations

You have an increased reservoir of magic. (+10% MP)


Message History

The ogre is lightly wounded.
The ogre hits you with a +0 giant spiked club.
* * * LOW HITPOINT WARNING * * *
You hit the ogre.
The ogre is lightly wounded.
The ogre hits you but does no damage.
You hit the ogre.
The ogre is moderately wounded.
The ogre hits you with a +0 giant spiked club.
* * * LOW HITPOINT WARNING * * *
You closely miss the ogre.
The ogre is moderately wounded.
You hit the ogre.
The ogre is heavily wounded.
The ogre hits you with a +0 giant spiked club!
* * * LOW HITPOINT WARNING * * *
You hit the ogre.
The ogre is severely wounded.
The ogre hits you with a +0 giant spiked club!!
You die...

.....##+#.. #.........#
#...?.....# #.........#
#.........# #..#####
#.........# #..##..#
#.........# #..##..#
#.....O@..######..#...#
##+#####.......#..#...#
#.......#..#...#
#.......#..#...#
#.......##..#..#
............######
............#
.............#
.............#######


You could see an ogre.

Vanquished Creatures
  Sigmund (D:2)
  An ogre (D:3)
  An orc wizard (D:3)
  6 adders
  2 oozes
  An adder skeleton (D:4)
  A worm (D:2)
  3 dart slugs
  4 leopard geckos
  2 orcs (D:3)
  2 ball pythons
  4 giant cockroaches
  6 goblins
  5 hobgoblins
  2 jackals (D:3)
  7 kobolds
  2 quokkas
  8 bats
  3 frilled lizards
  9 rats
70 creatures vanquished.

Notes
Turn   | Place    | Note
-------+----------+-------------------------------------------
     0 | D:1      | lunkers the Demigod Fighter began the quest for the Orb.
     0 | D:1      | Reached XP level 1. HP: 18/18 MP: 3/3
    36 | D:1      | Reached skill level 2 in Axes
   139 | D:1      | Reached XP level 2. HP: 22/25 MP: 4/4
   288 | D:1      | Reached skill level 3 in Axes
   965 | D:2      | Reached XP level 3. HP: 30/30 MP: 5/5
  1071 | D:2      | Found an iron altar of Okawaru.
  1073 | D:2      | Found a shimmering altar of Xom.
  1076 | D:2      | Found a sacrificial altar of Ru.
  1077 | D:2      | Found a sparkling altar of Nemelex Xobeh.
  1077 | D:2      | Found a white marble altar of Elyvilon.
  1077 | D:2      | Found a blossoming altar of Fedhas.
  1078 | D:2      | Found a broken altar of Ashenzari.
  1081 | D:2      | Found an ancient bone altar of Kikubaaqudgha.
  1082 | D:2      | Found a radiant altar of Vehumet.
  1124 | D:2      | Noticed Sigmund
  1130 | D:2      | Killed Sigmund
  1131 | D:2      | Reached skill level 5 in Axes
  1131 | D:2      | Reached XP level 4. HP: 23/37 MP: 6/6
  1131 | D:2      | Reached XP level 5. HP: 26/42 MP: 7/7
  1706 | D:3      | Found a faded altar of an unknown god.
  2196 | D:3      | Noticed an ogre
  2204 | D:3      | Killed an ogre
  2205 | D:3      | Reached skill level 6 in Axes
  2205 | D:3      | Reached XP level 6. HP: 9/50 MP: 8/8
  2865 | D:4      | Slain by an ogre

Illustrated notes

Levels and vault maps discovered:
D:1:      dpeg_arrival_round_a, layout_basic, serial_bayou_lake_a
D:2:      layout_loops_ring, minitemple, minmay_misc_feat_enclosed, uniq_sigmund
D:3:      layout_basic, chequers_ecumenical_altar_simple, grunt_decor_arrowhead
D:4:      layout_gridville, minmay_divided_ellipse

Skill      XL: |  1  2  3  4  5 |
---------------+----------------+-----
Axes           | 2 3 5 6 |  6.5
Fighting       | |  2.6
Armour         | |  2.6
Shields        | |  2.6

Action                   |  1- 3 |  4- 6 || total
-------------------------+-------+-------++-------
Melee: War axe           |    78 |   149 ||   227
  Use: Potion            |     1 |       ||     1
Armor: Scale mail        |    42 |    68 ||   110
Dodge: Dodged            |    36 |    49 ||    85
Block: Kite shield       |    54 |    70 ||   124

Table legend: (Time is in decaauts)
 A = Elapsed time spent in this place.
 B = Non-inter-level travel time spent in this place.
 C = Inter-level travel time spent in this place.
 D = Time resting spent in this place.
 E = Time spent auto-exploring this place.
 F = Levels seen in this place.
 G = Mean time per level.
                   A        B        C        D        E       F      G
               +--------+--------+--------+--------+--------+-----+--------+
         Total |   2994 |   2912 |     82 |      0 |   2371 |   4 |  748.5 |
       Dungeon |   2994 |   2912 |     82 |      0 |   2371 |   4 |  748.5 |
               +--------+--------+--------+--------+--------+-----+--------+

Top non-repeatable levels by time:
     D:3: 1138 daAuts
     D:2: 924 daAuts
     D:1: 880 daAuts
     D:4: 51 daAuts
